 Dungeon Crawl Stone Soup version 0.27.1-4-g1640c2035a (webtiles) character file.

Game seed: 731687107550169995

383 Fulminus the Magician (level 7, -1/45 HPs)
             Began as a Djinni Hedge Wizard on Nov 10, 2021.
             Slain by a wyvern zombie (12 damage)
             ... on level 4 of the Dungeon.
             The game lasted 00:12:26 (5223 turns).

Fulminus the Magician (Djinni Hedge Wizard)         Turns: 5223, Time: 00:12:27

Health: -1/45      AC:  2    Str: 15    XL:     7   Next: 5%
Gold:   137        EV: 12    Int: 18    God:
                   SH:  0    Dex: 12

rFire    + + .     SeeInvis .   p - +0 whip (elec)
rCold    x . .     Faith    .   (no shield)
rNeg     . . .     Spirit   .   b - +0 robe
rPois    ∞         Reflect  .   c - +0 hat
rElec    .         Harm     .   (no cloak)
rCorr    .         Rampage  .   (no gloves)
Will     .....                  (boots unavailable)
Stlth    ++........             (no amulet)
HPRegen  0.15/turn              n - +6 ring of strength
MPRegen  0.00/turn              (no ring)

@: flying
A: sickness immunity, fire resistance 2, cold vulnerability 1, float, innate
caster, hp casting, extra vitality 1
a: no special abilities


You were on level 4 of the Dungeon.
You visited 1 branch of the dungeon, and saw 4 of its levels.

You collected 137 gold pieces.

Inventory:

Hand Weapons
 a - a +0 dagger
 f - a +0 spear
 p - a +0 whip of electrocution (weapon)
Armour
 b - a +0 robe (worn)
 c - a +0 hat (worn)
Jewellery
 n - a +6 ring of strength (left hand)
Wands
 l - a wand of acid (12)
Scrolls
 d - 3 scrolls of noise {unknown}
 e - 3 scrolls of identify {unknown}
 h - 2 scrolls of amnesia {unknown}
 i - a scroll of torment {unknown}
 j - a scroll of fear {unknown}
 k - 3 scrolls of teleportation {unknown}
Potions
 g - a potion of ambrosia {unknown}
 m - a potion of haste {unknown}
 o - a potion of magic {unknown}


   Skills:
 - Level 2.1 Dodging
 - Level 1.5 Stealth
 + Level 5.7 Spellcasting


You couldn't memorise any spells.
You knew the following spells:

 Your Spells              Type           Power      Damage    Failure   Level
a - Magic Dart            Conj           100%       1d8       1%          1
b - Blink                 Tloc           N/A        N/A       1%          2
c - Call Imp              Summ           25%        N/A       1%          2
d - Slow                  Hex            25%        N/A       1%          2
e - Conjure Flame         Conj/Fire      25%        6-21      3%          3
f - Mephitic Cloud        Conj/Pois/Air  25%        N/A       3%          3
g - Foxfire               Conj/Fire      100%       2x1d9     1%          1
h - Static Discharge      Conj/Air       25%        N/A       1%          2
i - Swiftness             Air            25%        N/A       3%          3
Your spell library was empty.

Dungeon Overview and Level Annotations

Branches:
Dungeon (4/15)
 Temple: D:4-7

Altars:
Nemelex Xobeh
Okawaru
Ru
Sif Muna
The Shining One

Annotations:
D:2 Sigmund, Terence
D:4 exclusion: goblin, Blork the orc


Innate Abilities, Weirdness & Mutations

You are immune to sickness and miasma.
You are immune to poison.
Your flesh is very heat resistant. (rF++)
You are vulnerable to cold. (rC-)
You float through the air rather than walking.
You learn spells naturally, not from books.
Your magical power is your life essence.
You have superior vitality. (+4 HP)


Message History

Press: ? - help, Shift-Dir - straight line, f - wyvern zombie
Aim: a wyvern zombie (dormant, 100% to hit)
The magic dart hits the wyvern zombie.
The wyvern zombie is lightly damaged.
The wyvern zombie bites you.
Casting: Magic Dart (safe; 1% risk of failure)
Confirm with . or Enter, or press ? or * to list all spells.
Aiming: Magic Dart (safe; 1% risk of failure)
Press: ? - help, Shift-Dir - straight line, f/p - wyvern zombie
Aim: a wyvern zombie (lightly damaged, 100% to hit)
The magic dart hits the wyvern zombie!
The wyvern zombie is moderately damaged.
The wyvern zombie barely misses you.
Casting: Magic Dart (safe; 1% risk of failure)
Confirm with . or Enter, or press ? or * to list all spells.
Aiming: Magic Dart (safe; 1% risk of failure)
Press: ? - help, Shift-Dir - straight line, f/p - wyvern zombie
Aim: a wyvern zombie (moderately damaged, 100% to hit)
The magic dart hits the wyvern zombie but does no damage.
The wyvern zombie is moderately damaged.
The wyvern zombie barely misses you.
Casting: Magic Dart (safe; 1% risk of failure)
Confirm with . or Enter, or press ? or * to list all spells.
Aiming: Magic Dart (safe; 1% risk of failure)
Press: ? - help, Shift-Dir - straight line, f/p - wyvern zombie
Aim: a wyvern zombie (moderately damaged, 100% to hit)
The magic dart hits the wyvern zombie.
The wyvern zombie is moderately damaged.
The wyvern zombie bites you! The wyvern zombie bites you.
You hit the wyvern zombie but do no damage.
The wyvern zombie is moderately damaged.
The wyvern zombie bites you!
* * * LOW HITPOINT WARNING * * *
You are too injured to fight recklessly!
Casting: Magic Dart (safe; 1% risk of failure)
Confirm with . or Enter, or press ? or * to list all spells.
You conjure some foxfire!
* * * LOW HITPOINT WARNING * * *
The wyvern zombie bites you!
You die...

#.#####.##.#
#.#.....##.#
#.#.######..
####.# .###
#....# .
#.#### .
#.##.# #.
#..v.#
####@# #vZ#
#... #....
#.#### #. ##


You could see a wyvern zombie (ally target).

Vanquished Creatures
  An ogre (D:4)
  A water moccasin skeleton (D:4)
  A hound (D:3)
  Ijyb (D:3)
  5 gnolls
  6 adders
  3 river rats (D:3)
  A worm (D:3)
  2 orcs
  A bat (D:2)
  13 endoplasms
  3 giant cockroaches
  8 goblins
  5 hobgoblins
  4 quokkas
  6 ball pythons
  3 frilled lizards
  3 kobolds
  6 rats
73 creatures vanquished.

Notes
Turn   | Place    | Note
-------+----------+-------------------------------------------
     0 | D:1      | Fulminus the Djinni Hedge Wizard began the quest for the
                  | Orb.
     0 | D:1      | Reached XP level 1. HP: 15/15 MP: 0/0
   103 | D:1      | Reached XP level 2. HP: 1/21 MP: 0/0
   419 | D:1      | Reached skill level 3 in Spellcasting
   861 | D:1      | Reached XP level 3. HP: 24/25 MP: 0/0
   861 | D:1      | Learned a level 1 spell: Foxfire
  1730 | D:2      | Found a faded altar of an unknown god.
  1970 | D:2      | Noticed Terence
  2006 | D:2      | Reached XP level 4. HP: 26/31 MP: 0/0
  2521 | D:2      | Noticed Sigmund
  2548 | D:3      | Found a sacrificial altar of Ru.
  2585 | D:3      | Reached skill level 4 in Spellcasting
  3008 | D:3      | Found a sparkling altar of Nemelex Xobeh.
  3142 | D:3      | Reached XP level 5. HP: 31/35 MP: 0/0
  3142 | D:3      | Learned a level 2 spell: Static Discharge
  3578 | D:3      | Found a glowing golden altar of the Shining One.
  3659 | D:3      | Noticed Ijyb
  4374 | D:3      | Killed Ijyb
  4375 | D:3      | Reached XP level 6. HP: 35/40 MP: 0/0
  4482 | D:3      | Reached skill level 5 in Spellcasting
  4942 | D:4      | Found an iron altar of Okawaru.
  4974 | D:4      | Noticed an ogre
  4982 | D:4      | Killed an ogre
  5116 | D:4      | Noticed Blork the orc
  5172 | D:4      | Reached XP level 7. HP: 39/45 MP: 0/0
  5172 | D:4      | Learned a level 3 spell: Swiftness
  5223 | D:4      | Slain by a wyvern zombie

Illustrated notes

Levels and vault maps discovered:
D:1:      lightli_arrival_boilingwater, layout_basic,
          hangedman_decor_clover_reticule
D:2:      layout_basic, hellmonk_ecumenical_altar_blasted, uniq_sigmund,
          uniq_terence
D:3:      layout_basic, nemelex_dance_club_becter,
          nicolae_ru_sacrificial_ziggurat, nicolae_sif_muna_condensation,
          general_overflow_altar, gup_sewer_entry_spiral, uniq_ijyb
D:4:      layout_basic, okawaru_gym_becter, minmay_temple_entry_antechambers,
          minmay_starry_boxes, uniq_blork_the_orc

Skill      XL: |  1  2  3  4  5  6 |
---------------+-------------------+-----
Spellcasting   | 3 4 5 |  5.7
Dodging        | |  2.1
Stealth        | |  1.5

Action                   |  1- 3 |  4- 6 |  7- 9 || total
-------------------------+-------+-------+-------++-------
Melee: Spear             |       |    10 |       ||    10
       Whip              |       |     4 |     1 ||     5
 Cast: Magic Dart        |    67 |   115 |     4 ||   186
       Mephitic Cloud    |       |     8 |       ||     8
       Conjure Flame     |       |     4 |       ||     4
       Slow              |       |     1 |       ||     1
       Foxfire           |       |     1 |     1 ||     2
 Stab: Confused          |       |     1 |       ||     1
Armor: Robe              |     1 |     4 |       ||     5
Dodge: Dodged            |     3 |    19 |     2 ||    24
